 Dungeon Crawl Stone Soup version 0.22.0-16-gc6d26f6 (webtiles) character file.

380 Lew the Covered (level 6, -1/38 HPs)
             Began as a Gargoyle Fighter on Aug 17, 2018.
             Slain by a gnoll
             ... wielding a +0 flail
              (8 damage)
             ... on level 3 of the Dungeon.
             The game lasted 00:04:08 (1558 turns).

Lew the Covered (Gargoyle Fighter)                  Turns: 1558, Time: 00:04:08

Health: -1/38      AC: 16    Str: 20    XL:     6   Next: 75%
Magic:  6/6        EV:  9    Int:  9    God:
Gold:   78         SH:  9    Dex: 10    Spells: 5/5 levels left

rFire    + . .     SeeInvis .   a - +0 war axe
rCold    . . .     Gourm    .   c - +0 shield
rNeg     + . .     Faith    .   b - +0 scale mail
rPois    ∞         Spirit   .   j - +0 helmet
rElec    +         Reflect  .   (no cloak)
rCorr    .         Harm     .   n - +2 pair of gloves
MR       .....                  (no boots)
Stlth    ..........             (no amulet)
HPRegen  0.12/turn              (no ring)
MPRegen  0.10/turn              (no ring)

@: no status effects
A: fire resistance 1, negative energy resistance 1, shaggy fur 1, electricity
resistance, unbreathing, petrification resistance, rot immunity, AC +4
a: no special abilities


You were on level 3 of the Dungeon.
You were hungry.

You visited 1 branch of the dungeon, and saw 3 of its levels.

You collected 78 gold pieces.

Inventory:

Hand Weapons
 a - a +0 war axe (weapon)
Armour
 b - a +0 scale mail (worn)
 c - a +0 shield (worn)
 j - a +0 helmet (worn)
 n - a +2 pair of gloves (worn)
Jewellery
 s - an uncursed amulet of the acrobat {unknown}
Scrolls
 e - a scroll of teleportation {unknown}
 h - a scroll of random uselessness {unknown}
 k - a scroll of remove curse
 m - 5 scrolls of identify
 o - a scroll of fear {unknown}
 p - 2 scrolls of magic mapping {unknown}
 q - a scroll of enchant weapon {unknown}
 t - a scroll of enchant armour {unknown}
Potions
 d - 3 potions of might
 g - a potion of agility
 i - a potion of haste
 l - 2 potions of curing {unknown}
 r - 2 potions of ambrosia {unknown}
Comestibles
 f - 4 rations


   Skills:
 - Level 4.0 Fighting
 + Level 3.5 Axes
 - Level 4.1 Armour
 * Level 3.3 Dodging
 - Level 4.1 Shields


You had 5 spell levels left.
You didn't know any spells.
Your spell library was empty.

Dungeon Overview and Level Annotations

Branches:
Dungeon (3/15)

Altars:


Innate Abilities, Weirdness & Mutations

You are resistant to torment.
Your stone body is resilient. (AC +4)
You are immune to poison.
You resist negative energy. (rN+)
You are resistant to electric shocks. (rElec)
You can survive without breathing.
You are immune to petrification.
You are immune to rotting.
Your flesh is heat resistant. (rF+)
You are covered in fur. (AC +1)


Message History

The gnoll hits you but does no damage.
You hit the gnoll.
You kill the gnoll!
A jackal comes into view.
The jackal barks!
A gnoll comes into view. It is wielding a flail.
The gnoll shouts!
The jackal bites you but does no damage.
You hit the jackal.
The jackal is heavily wounded.
The jackal bites you but does no damage. x2
You slash the jackal!
You kill the jackal!
You hit the gnoll.
The gnoll is moderately wounded.
The gnoll barely misses you.
You hit the gnoll.
The gnoll is heavily wounded.
The gnoll hits you but does no damage. The gnoll hits you with a flail!
You die...

#.# .# #.# .# ... ### #.# .# ...
..# #.# .# #.# #.# #.# .# #.#
##.## #.# .# #.# #...#######.##.#
#.# #......)†..g@..########.#
#####...##.#########........#####
..........†..g....))..)[.........
≈≈≈≈≈≈≈≈....go)≈≈≈≈)≈≈≈≈≈≈≈≈≈≈≈..
≈≈≈≈≈≈≈≈....)≈≈≈≈≈≈≈≈≈≈≈≈≈≈≈≈≈≈..
≈≈≈≈≈≈≈≈....)))≈≈≈≈≈≈≈≈≈#####≈≈..
........................#gg.#≈≈..
########''''#############...#≈≈P.
#....# #g###≈≈..


You could see a gnoll.

Vanquished Creatures
  An orc wizard (D:3)
  2 gnoll shamans (D:3)
  A worker ant (D:3)
  18 gnolls (D:3)
  3 adders
  An ooze (D:3)
  A worm (D:2)
  A dart slug (D:1)
  3 leopard geckos
  3 orcs (D:3)
  7 bats
  3 giant cockroaches (D:1)
  3 goblins
  3 hobgoblins
  10 jackals
  7 kobolds
  2 frilled lizards
  A rat (D:2)
  A plant (D:3)
71 creatures vanquished.

Notes
Turn   | Place    | Note
-------+----------+-------------------------------------------
     0 | D:1      | Lew the Gargoyle Fighter began the quest for the Orb.
     0 | D:1      | Reached XP level 1. HP: 14/14 MP: 1/1
   182 | D:1      | Reached XP level 2. HP: 19/19 MP: 2/2
   533 | D:1      | Gained mutation: You are covered in fur. (AC +1) [potion of mutation]
   533 | D:1      | Gained mutation: Your flesh is heat resistant. (rF+) [potion of mutation]
   652 | D:2      | Reached XP level 3. HP: 19/23 MP: 3/3
   912 | D:2      | Reached skill level 1 in Dodging
   918 | D:2      | Reached XP level 4. HP: 25/29 MP: 4/4
  1274 | D:3      | Reached XP level 5. HP: 26/33 MP: 5/5
  1438 | D:3      | Reached XP level 6. HP: 30/38 MP: 6/6
  1558 | D:3      | Slain by a gnoll

Skill      XL: |  1  2  3  4  5  6 |
---------------+-------------------+-----
Axes           | 2 3 |  3.5
Dodging        | 1 2 3 |  3.3
Armour         | 4 |  4.1
Shields        | 4 |  4.1
Fighting       | 4 |  4.0

Action                   |  1- 3 |  4- 6 || total
-------------------------+-------+-------++-------
Melee: War axe           |   114 |   166 ||   280
  Use: Scroll            |     5 |       ||     5
       Potion            |     1 |       ||     1
  Eat: Chunk             |       |     2 ||     2
Armor: Scale mail        |    99 |   113 ||   212
Dodge: Dodged            |    59 |    59 ||   118
Block: Shield            |    67 |   103 ||   170
